 Dungeon Crawl Stone Soup version 0.30-a0-613-gdd512c7efb (webtiles) character file.

Game seed: 6802515292413648111

123 jfcaron the Chopper (level 5, 0/46 HPs)
             Began as a Hill Orc Delver on Jan 8, 2023.
             Succumbed to Ijyb's poison
             ... on level 3 of the Dungeon.
             The game lasted 00:06:14 (1941 turns).

jfcaron the Chopper (Hill Orc Delver)               Turns: 1941, Time: 00:06:15

Health: 0/46       AC: 11    Str: 14 (17) XL:     5   Next: 7%
Magic:  5/5        EV: 10    Int:  8 (10) God:
Gold:   137        SH:  0    Dex:  9 (12) Spells: 4/4 levels left

rFire   . . .      SeeInvis .    r - +1 dagger (drain)
rCold   . . .      Faith    .    (no shield)
rNeg    + . .      Spirit   .    i - +0 ring mail
rPois   .          Reflect  .    q - +0 helmet
rElec   .          Harm     .    A - scarf {shadows}
rCorr   .          Rampage  .    C - +1 pair of gloves
Will    .....                    k - +2 pair of boots
Stlth   ++                       (no amulet)
HPRegen 0.27/turn                j - ring of wizardry
MPRegen 0.09/turn                z - ring of positive energy

@: brilliant, lethally poisoned (0 -> -3), hasted, very quick
A: no striking features
a: no special abilities


You were on level 3 of the Dungeon.
You visited 1 branch of the dungeon, and saw 5 of its levels.

You collected 137 gold pieces.

Inventory:

Hand Weapons
 a - a +0 hand axe
 r - a +1 dagger of draining (weapon)
   (You found it on level 1 of the Dungeon)
Missiles
 w - 2 throwing nets {!f}
 B - 9 stones
 F - 2 poisoned darts
Armour
 i - a +0 ring mail (worn)
 k - a +2 pair of boots (worn)
 q - a +0 helmet (worn)
 A - a scarf of shadows (worn)
   (You found it on level 2 of the Dungeon)
 C - a +1 pair of gloves (worn)
 D - a scarf of invisibility
   (You found it on level 3 of the Dungeon)
Jewellery
 j - a ring of wizardry (left hand)
   (You found it on level 1 of the Dungeon)
 s - a +6 ring of intelligence
   (You found it on level 2 of the Dungeon)
 z - a ring of positive energy (right hand)
Wands
 g - a wand of digging (3)
Scrolls
 c - a scroll of fog
 d - 3 scrolls of magic mapping
 e - 3 scrolls of fear
 n - a scroll of blinking
 o - 2 scrolls of identify
 p - a scroll of enchant armour {unknown}
 t - a scroll of silence {unknown}
 u - a scroll of torment {unknown}
 x - a scroll of summoning {unknown}
 y - a scroll of teleportation {unknown}
 E - a scroll of amnesia
Potions
 h - 2 potions of brilliance


   Skills:
 - Level 4.0 Fighting
 * Level 5.3 Axes
 + Level 1.5 Armour
 - Level 2.0 Dodging
 - Level 4.1 Stealth
 + Level 1.3 Evocations


You had 4 spell levels left.
You didn't know any spells.
Your spell library contained the following spells:

 Spells                   Type           Power      Damage    Failure   Level
 Shock                    Conj/Air       0%         1d3       32%         1
 Scorch                   Fire           0%         2d5       45%         2
 Gell's Gravitas          Tloc           0%         N/A       69%         3
 Swiftness                Air            0%         N/A       69%         3
 Teleport Other           Tloc           0%         N/A       69%         3
 Airstrike                Air            0%         2d(0-16)  96%         4
 Iskenderun's Mystic Bla  Conj/Tloc      0%         2d3       96%         4
 Fireball                 Conj/Fire      0%         3d3       100%        5
 Dispersal                Tloc           0%         N/A       100%        6
 Orb of Destruction       Conj           0%         9d5       100%        7


Dungeon Overview and Level Annotations

Branches:
Dungeon (5/15)
 Temple: D:4-7

Altars:

Annotations:
D:3 Ijyb


Message History

Ijyb hits you but does no damage.
You are more poisoned.
You hit Ijyb but do no damage.
Ijyb is moderately wounded.
You feel very sick. Ijyb barely misses you.
It was a potion of degeneration.
There was something very wrong with that liquid.
You feel weakened.
You feel dopey.
You feel clumsy.
You feel very sick. Ijyb barely misses you.
You feel yourself speed up.
You feel very sick. Ijyb hits you but does no damage.
You feel sick.
Ijyb zaps a wand.
The mass of ice explodes!
The iceblast engulfs you!
* * * LOW HITPOINT WARNING * * *
* * * LOW HITPOINT WARNING * * *
You feel sick.
* * * LOW HITPOINT WARNING * * *
You feel sick.
* * * LOW HITPOINT WARNING * * *
You feel sick.
Okay, then.
As you read the scroll labelled PISHRI MYUHAO, it crumbles to dust.
It is a scroll of amnesia.
You feel forgetful for a moment.
As you read the scroll labelled TEGIUCR LIMOYD, it crumbles to dust.
It is a scroll of identify.
n - 2 scrolls of blinking
* * * LOW HITPOINT WARNING * * *
You feel sick.
Blink to where?
Press: ? - help, Dir - move target
As you read the scroll of blinking, it crumbles to dust.
* * * LOW HITPOINT WARNING * * *
You feel sick.
As you read the scroll labelled ZUROEL KASMETIMN, it crumbles to dust.
It is a scroll of enchant weapon.
Your +0 dagger of draining glows red for a moment.
You die...

.
#...############
#.# . #####
##########.#
#..........#
########
#.##########
.......# #.# #.#
#.# #g# #.# #.#
#.# #.########@#
#.g.ยง......#
############


There were no monsters in sight!

Vanquished Creatures
  Natasha (D:3)
  3 adders
  A worm (D:3)
  5 dart slugs
  An orc (D:3)
  3 bats (D:1)
  5 endoplasms
  4 giant cockroaches
  4 goblins
  3 hobgoblins
  2 jackals (D:1)
  4 kobolds
  3 quokkas
  9 ball pythons
  A frilled lizard (D:1)
  5 rats
54 creatures vanquished.

Notes
Turn   | Place    | Note
-------+----------+-------------------------------------------
     0 | D:5      | jfcaron the Hill Orc Delver began the quest for the Orb.
     0 | D:5      | Reached XP level 1. HP: 19/19 MP: 1/1
   201 | D:2      | Reached skill level 3 in Axes
   257 | D:1      | Reached XP level 2. HP: 25/27 MP: 2/2
   486 | D:1      | Reached XP level 3. HP: 30/33 MP: 3/3
   533 | D:1      | Reached skill level 4 in Axes
   866 | D:2      | Got the Octavo of Combat Magic and Flames
  1082 | D:2      | Reached XP level 4. HP: 40/40 MP: 4/4
  1412 | D:3      | Reached skill level 1 in Armour
  1440 | D:3      | Reached skill level 1 in Evocations
  1574 | D:3      | Reached skill level 5 in Axes
  1575 | D:3      | Noticed Ijyb
  1616 | D:3      | Noticed Natasha
  1635 | D:3      | Killed Natasha
  1636 | D:3      | Reached XP level 5. HP: 36/46 MP: 5/5
  1934 | D:3      | HP: 6/46 [Ijyb/iceblast (15)]
  1937 | D:3      | HP: 2/46 [poisoned by Ijyb]
  1941 | D:3      | Succumbed to Ijyb's poison

Illustrated notes

Levels and vault maps discovered:
D:1:      lemuel_arrival_tunnels, layout_rooms, minmay_domino_4
D:2:      layout_rooms, chequers_serial_rivers_marsh
D:3:      layout_loops_ring, uniq_ijyb, uniq_natasha
D:4:      layout_basic
D:5:      layout_loops_ring, fedhas_bush_and_centaur_altar,
          minmay_temple_entry_tees

Skill      XL: |  1  2  3  4 |
---------------+-------------+-----
Axes           | 3 4 5 |  5.3
Fighting       | 4 |  4.0
Dodging        | 2 |  2.0
Armour         | 1 |  1.5
Evocations     | 1 |  1.3
Stealth        | |  4.1

Action                   |  1- 3 |  4- 6 || total
-------------------------+-------+-------++-------
Melee: Hand axe          |    96 |       ||    96
       Dagger            |    48 |    85 ||   133
Throw: Stone             |     5 |       ||     5
  Use: Potion            |       |     5 ||     5
       Scroll            |       |     4 ||     4
 Stab: Sleeping          |       |     1 ||     1
Armor: Ring mail         |    63 |    39 ||   102
       Leather armour    |     5 |       ||     5
Dodge: Dodged            |   104 |    43 ||   147

Table legend: (Time is in decaauts)
 A = Elapsed time spent in this place.
 B = Non-inter-level travel time spent in this place.
 C = Inter-level travel time spent in this place.
 D = Time resting spent in this place.
 E = Time spent auto-exploring this place.
 F = Levels seen in this place.
 G = Mean time per level.
                   A        B        C        D        E       F      G
               +--------+--------+--------+--------+--------+-----+--------+
         Total |   1968 |   1894 |     74 |     96 |   1193 |   5 |  393.6 |
       Dungeon |   1968 |   1894 |     74 |     96 |   1193 |   5 |  393.6 |
               +--------+--------+--------+--------+--------+-----+--------+

Top non-repeatable levels by time:
     D:3: 771 daAuts
     D:1: 619 daAuts
     D:2: 539 daAuts
     D:4: 29 daAuts
     D:5: 8 daAuts

Table legend:
 A = Kills in this place as a percentage of kills in entire the game.
 B = Kills by you in this place as a percentage of kills by you in the entire game.
 C = Kills by friends in this place as a percentage of kills by friends in the entire game.
 D = Other kills in this place as a percentage of other kills in the entire game.
 E = Experience gained in this place as a percentage of experience gained in the entire game.
 F = Experience gained in this place divided by the number of levels of this place that you have seen.
                   A       B       C       D       E      F
               +-------+-------+-------+-------+-------+----------------------
         Total | 100.0 | 100.0 |   N/A |   N/A | 100.0 |  35.2
       Dungeon | 100.0 | 100.0 |   N/A |   N/A | 100.0 |  35.2
               +-------+-------+-------+-------+-------+----------------------
